 Dungeon Crawl Stone Soup version 0.26-a0-812-g31a745ddcd (webtiles) character file.

Game seed: 5280920571898061094

36045 loralnil the Fighter (level 14, -2/118 HPs)
             Began as a Formicid Fighter on Dec 2, 2020.
             Was a High Priest of the Shining One.
             Slain by a warg (11 damage)
             ... led by an orc knight
             ... on level 15 of the Dungeon.
             The game lasted 00:22:47 (15354 turns).

loralnil the Fighter (Formicid Fighter)            Turns: 15354, Time: 00:22:48

Health: -2/118     AC: 18    Str: 25    XL:     14   Next: 21%
Magic:  0/22       EV:  8    Int:  9    God:    the Shining One [*****.]
Gold:   680        SH: 24    Dex: 10    Spells: 13/13 levels left

rFire    . . .     SeeInvis +   i - +0 battleaxe
rCold    + . .     Faith    .   c - +2 kite shield
rNeg     + + .     Spirit   +   F - +4 chain mail
rPois    .         Reflect  .   (helmet unavailable)
rElec    .         Harm     +   v - scarf {harm}
rCorr    +         Rampage  .   a - +0 pair of gloves
MR       +....                  (no boots)
Stlth    ..........             M - amulet of guardian spirit
HPRegen  0.29/turn              B - ring of protection from cold
MPRegen  0.18/turn              g - ring of resist corrosion

@: divine shield, glowing, studying Unarmed Combat
A: permanent stasis, dig shafts and tunnels, four strong arms, antennae 3
a: Dig, Shaft Self, Divine Shield, Cleansing Flame, Summon Divine Warrior,
Renounce Religion


You were on level 15 of the Dungeon.
You worshipped the Shining One.
The Shining One was extremely pleased with you.
You visited 2 branches of the dungeon, and saw 15 of its levels.
You also visited: Gauntlet.

You collected 792 gold pieces.
You spent 112 gold pieces at shops.

Inventory:

Hand Weapons
 i - a +0 battleaxe (weapon)
 p - a +2 vorpal hand axe
Armour
 a - a +0 pair of gloves (worn)
 c - a +2 kite shield (worn)
 n - a scarf of invisibility
 v - a scarf of harm (worn)
 F - a +4 chain mail (worn)
Jewellery
 e - an uncursed ring of flight
 g - a ring of resist corrosion (right hand)
 j - an uncursed ring of protection from cold
 B - a ring of protection from cold (left hand)
 M - an amulet of guardian spirit (around neck)
Wands
 k - a wand of enslavement (8)
 o - a wand of acid (9)
 t - a wand of flame (24)
 D - a wand of iceblast (4)
 E - a wand of digging (11)
 H - a wand of polymorph (6)
 L - a wand of disintegration (14)
Scrolls
 f - a scroll of immolation {unknown}
 m - a scroll of holy word {unknown}
 q - 4 scrolls of remove curse
 x - 2 scrolls of fear
 y - a scroll of silence {unknown}
 A - 4 scrolls of enchant weapon {unknown}
 C - 2 scrolls of magic mapping {unknown}
 K - a scroll of fog
Potions
 b - 2 potions of flight
 d - a potion of degeneration {unknown}
 h - a potion of might
 r - a potion of ambrosia
 s - 2 potions of attraction
 u - 2 potions of resistance
 w - 3 potions of brilliance
 z - 2 potions of mutation
 G - a potion of cancellation {unknown}
 I - a potion of invisibility {unknown}
Books
 J - a manual of Unarmed Combat


   Skills:
 + Level 13.2 Fighting
 + Level 11.9 Axes
 + Level 13.0 Armour
 - Level 9.0 Shields
 + Level 11.1 Invocations


You had 13 spell levels left.
You didn't know any spells.
Your spell library contained the following spells:

 Spells                   Type           Power        Failure   Level
 Corona                   Hex            #......      87%         1
 Foxfire                  Conj/Fire      #...         87%         1
 Sting                    Tmut/Pois      #...         87%         1
 Poisonous Vapours        Pois/Air       #.....       95%         2
 Slow                     Hex            #.......     95%         2
 Ignite Poison            Fire/Tmut/Pois #.......     99%         3
 Inner Flame              Hex/Fire       #.......     99%         3
 Mephitic Cloud           Conj/Pois/Air  #.......     99%         3
 Portal Projectile        Hex/Tloc       #.....       99%         3
 Cause Fear               Hex            #.........   100%        4
 Leda's Liquefaction      Hex/Erth       #.........   100%        4
 Olgreb's Toxic Radiance  Pois           #.......     100%        4
 Dragon Form              Tmut           #.........   100%        7
 Dragon's Call            Summ           #.........   100%        9


Dungeon Overview and Level Annotations

Branches:
Dungeon (13/15)            Temple (1/1) D:6            Lair (0/6) D:9
    Orc (0/2) D:10         Vaults (0/5) D:13        Gauntlet (visited)

Altars:
Cheibriados
Dithmenos
Elyvilon
Fedhas
Hepliaklqana
Kikubaaqudgha
Makhleb
Nemelex Xobeh
Okawaru
Qazlal
Sif Muna
Vehumet
Wu Jian
Xom
Yredelemnul
Zin
The Shining One

Shops:
D:8 :   D:12 !


Innate Abilities, Weirdness & Mutations

You cannot be hasted, slowed, berserked, paralysed or teleported.
You can dig through walls and to a lower floor.
Your four strong arms can wield two-handed weapons with a shield.
You have a pair of large antennae on your head. (SInv)


Message History

You slash the sky beast! You hit the warg but do no damage.
You hit the orc warrior but do no damage.
You hit the unseen horror. You slash the vampire mosquito!
You destroy the vampire mosquito!
The Shining One accepts your kill.
You feel better.
You feel your power returning. You block the unseen horror's attack.
You block the warg's attack.
You block the vampire mosquito's attack.
The unseen horror hits you but does no damage.
You block the sky beast's attack. The warg bites you but does no damage.
The orc warrior completely misses you.
The vampire mosquito bites you but does no damage.
You closely miss the vampire mosquito.
The vampire mosquito is almost destroyed.
You completely miss the sky beast. You slash the warg!
You hit the orc warrior but do no damage.
You slash the centaur! You block the unseen horror's attack.
The vampire mosquito bites you but does no damage.
You block the centaur's attack. The warg bites you!
You die...

...........#
#..........#
...........
#.......... .
.........# ../
{###..o.....#
....Z#Y#hC...#
....FDy@o...#
..##..cx....#
#...........#
#.............#
...............#
.................
.........##......
.........# .....#


You could see a five-headed hydra, a cyclops, an unseen horror (invisible), a
warg, an orc warrior, a vampire mosquito, a sky beast, a bullfrog, a centaur, an
orc priest and a centaur warrior skeleton.

Vanquished Creatures
  Gastronok (D:11)
  A minotaur (Gauntlet)
  2 vault guards (D:13)
  2 centaur warriors
  3 boulder beetles (D:12)
  A catoblepas (D:13)
  Erica (D:8)
  7 two-headed ogres
  2 death knights
  Sonja (D:10)
  4 skeletal warriors (D:13)
  An unseen horror (D:9)
  A wizard (Gauntlet)
  A phantasmal warrior (D:11)
  2 deep elf magi
  Pikel (D:6)
  2 cyclopes
  A manticore (D:11)
  Maurice (D:8)
  A gargoyle (D:11)
  Psyche (D:8)
  2 minotaur zombies (Gauntlet)
  A komodo dragon (D:9)
  The ghost of Dracia the Conjurer, a novice DECj of Sif Muna (D:6)
  A meliai zombie (D:12)
  2 large abominations (Gauntlet)
  A wyvern (D:13)
  A ynoxinul (Gauntlet)
  6 wraiths
  Sigmund (D:2)
  A vampire (D:13)
  21 yaks
  Menkaure (D:4)
  2 vampire mosquitoes (D:15)
  A soldier ant (D:11)
  2 water moccasins
  4 ice beasts
  8 sky beasts
  2 black bears
  2 phantoms
  6 orc warriors
  A hornet zombie (D:5)
  2 necrophages
  6 ogres
  3 centaurs
  3 small abominations (Gauntlet)
  4 lemures (D:6)
  3 big kobolds
  Blork the orc (D:4)
  14 bullfrogs
  7 scorpions
  3 killer bees (D:6)
  2 howler monkeys
  3 jellies
  3 quasits
  4 bullfrog zombies
  6 centaur skeletons
  4 hounds
  6 orc priests
  2 iron imps (Gauntlet)
  3 bullfrog skeletons
  17 orc wizards
  4 iguanas
  10 worker ants
  2 hound zombies
  A hound skeleton (D:9)
  A howler monkey skeleton (D:4)
  2 worker ant zombies (D:9)
  11 adders
  4 gnolls (D:5)
  A shadow imp (D:9)
  5 white imps
  An ufetubus (D:8)
  An adder zombie (D:7)
  An adder skeleton (D:6)
  A worm (D:3)
  3 dart slugs
  5 leopard geckos
  49 orcs
  A giant cockroach (D:6)
  5 goblins
  7 hobgoblins
  10 jackals
  12 kobolds
  6 quokkas
  2 ball pythons
  11 bats
  5 frilled lizards
  A leopard gecko zombie (D:9)
  A quokka zombie (D:7)
  6 rats
369 creatures vanquished.

Vanquished Creatures (others)
  A demonic plant (Gauntlet)
  3 fungi (Gauntlet)
  22 plants
26 creatures vanquished.

Grand Total: 395 creatures vanquished

Notes
Turn   | Place    | Note
-------+----------+-------------------------------------------
     0 | D:1      | loralnil the Formicid Fighter began the quest for the Orb.
     0 | D:1      | Reached XP level 1. HP: 18/18 MP: 1/1
   130 | D:1      | Reached XP level 2. HP: 22/24 MP: 2/2
   825 | D:2      | Noticed Sigmund
   843 | D:2      | Killed Sigmund
   843 | D:2      | Reached XP level 3. HP: 5/30 MP: 3/3
   843 | D:2      | Reached XP level 4. HP: 6/37 MP: 4/4
   843 | D:2      | Reached XP level 5. HP: 7/42 MP: 5/5
  1348 | D:2      | Reached XP level 6. HP: 49/49 MP: 6/6
  1938 | D:3      | Reached skill level 5 in Shields
  2399 | D:3      | Found a hazy altar of Hepliaklqana.
  2797 | D:3      | Reached XP level 7. HP: 48/55 MP: 7/7
  2886 | D:4      | Noticed Menkaure
  2891 | D:4      | Killed Menkaure
  2891 | D:4      | Reached skill level 5 in Fighting
  2891 | D:4      | Reached skill level 5 in Armour
  3278 | D:4      | Noticed Blork the orc
  3293 | D:4      | Killed Blork the orc
  3403 | D:4      | Reached XP level 8. HP: 63/63 MP: 8/8
  3531 | D:5      | Entered Level 5 of the Dungeon
  4077 | D:5      | Reached skill level 5 in Axes
  4213 | D:5      | Found a burning altar of Makhleb.
  4215 | D:5      | Found a sparkling altar of Nemelex Xobeh.
  4302 | D:5      | Reached XP level 9. HP: 71/71 MP: 9/9
  4755 | D:6      | Noticed Dracia's ghost (novice DECj)
  5196 | D:6      | Found a runed translucent gate.
  5196 | D:6      | Found a runed translucent gate.
  5196 | D:6      | Found a runed translucent gate.
  5435 | D:6      | Found a staircase to the Ecumenical Temple.
  5440 | Temple   | Entered the Ecumenical Temple
  5448 | Temple   | Became a worshipper of the Shining One
  5543 | D:7      | Noticed Pikel
  5560 | D:6      | Reached XP level 10. HP: 43/80 MP: 10/10
  5953 | D:6      | Killed Pikel
  6168 | D:7      | Reached * piety under the Shining One
  6297 | D:7      | Found a shimmering altar of Xom.
  6548 | D:8      | Found Oraq's Book Shoppe.
  6740 | D:8      | Noticed Maurice
  6757 | D:8      | Killed Maurice
  6757 | D:8      | Reached skill level 1 in Invocations
  7118 | D:8      | Noticed Psyche
  7124 | D:8      | Killed Psyche
  7293 | D:8      | Noticed Erica
  7300 | D:8      | Killed Erica
  7529 | D:8      | Reached XP level 11. HP: 72/89 MP: 13/13
  7767 | D:9      | Noticed a two-headed ogre
  7781 | D:9      | Killed a two-headed ogre
  8205 | D:6      | Killed Dracia's ghost
  8335 | D:9      | Reached skill level 10 in Fighting
  8354 | D:9      | Reached ** piety under the Shining One
  8359 | D:9      | Found a staircase to the Lair.
  8369 | D:9      | Reached skill level 5 in Invocations
  8425 | D:9      | Noticed an unseen horror
  8430 | D:9      | Killed an unseen horror
  8432 | D:9      | Reached skill level 10 in Armour
  8714 | D:10     | Entered Level 10 of the Dungeon
  8765 | D:10     | Noticed a death knight
  8775 | D:10     | Killed a death knight
  9111 | D:10     | Noticed Sonja
  9157 | D:10     | Killed Sonja
  9548 | D:10     | Reached XP level 12. HP: 60/99 MP: 16/16
  9934 | D:10     | Found an ancient bone altar of Kikubaaqudgha.
  9934 | D:10     | Noticed a centaur warrior
  9949 | D:10     | Killed a centaur warrior
  9951 | D:10     | Noticed a two-headed ogre
  9956 | D:10     | Killed a two-headed ogre
 10092 | D:10     | Reached *** piety under the Shining One
 10546 | D:10     | Found a staircase to the Orcish Mines.
 10817 | D:11     | Found a gate leading to a gauntlet.
 10819 | D:11     | Noticed a two-headed ogre
 10825 | D:11     | Killed a two-headed ogre
 10825 | D:11     | Reached skill level 10 in Axes
 10890 | Gauntlet | Entered a Gauntlet
 10890 | Gauntlet | Found a transporter.
 10890 | Gauntlet | Found a transporter.
 10890 | Gauntlet | Found a runed translucent door.
 10891 | Gauntlet | Noticed a tengu warrior
 10893 | Gauntlet | Found a runed translucent door.
 10900 | Gauntlet | Found a transporter.
 10900 | Gauntlet | Found a transporter.
 10925 | Gauntlet | Noticed a wizard
 10932 | Gauntlet | Found a transporter.
 10932 | Gauntlet | Found a transporter.
 10948 | Gauntlet | Killed a wizard
 10950 | Gauntlet | Found a transporter.
 10950 | Gauntlet | Found a transporter.
 10953 | Gauntlet | Noticed a death drake
 10964 | Gauntlet | Reached **** piety under the Shining One
 10967 | Gauntlet | Found a transporter.
 10967 | Gauntlet | Found a transporter.
 10996 | Gauntlet | Found a transporter.
 10998 | Gauntlet | Found a transporter.
 11000 | Gauntlet | Got a bloodstained hat
 11085 | Gauntlet | Noticed a minotaur
 11099 | Gauntlet | Killed a minotaur
 11283 | D:11     | Noticed a two-headed ogre
 11299 | D:11     | Killed a two-headed ogre
 11488 | D:11     | Noticed a two-headed ogre
 11498 | D:11     | Killed a two-headed ogre
 11498 | D:11     | Reached XP level 13. HP: 75/107 MP: 19/19
 12095 | D:11     | HP: 4/108 [phantasmal warrior[a death knight] (36)]
 12096 | D:11     | The Shining One protects you from harm!
 12807 | D:11     | Noticed Gastronok
 12827 | D:11     | Killed Gastronok
 12995 | D:11     | Reached skill level 10 in Invocations
 13345 | D:12     | Noticed a centaur warrior
 13352 | D:12     | Killed a centaur warrior
 13562 | D:12     | Noticed a boulder beetle
 13573 | D:12     | Killed a boulder beetle
 13860 | D:12     | Noticed a boulder beetle
 13872 | D:12     | Killed a boulder beetle
 14092 | D:12     | Noticed a boulder beetle
 14107 | D:12     | Killed a boulder beetle
 14274 | D:12     | Reached ***** piety under the Shining One
 14394 | D:12     | Found Jarenoips's Distillery.
 14401 | D:12     | Bought a potion of mutation for 112 gold pieces
 14667 | D:13     | Reached XP level 14. HP: 52/116 MP: 13/22
 15317 | D:13     | Found a gate to the Vaults.
 15346 | D:13     | You fall into a shaft and drop 2 floors!
 15346 | D:15     | Entered Level 15 of the Dungeon
 15348 | D:15     | HP: 1/118 [cyclops/large rock (20)]
 15351 | D:15     | The Shining One protects you from harm!
 15354 | D:15     | Slain by a warg

Illustrated notes

Levels and vault maps discovered:
D:1:      sevenhm_arrival_forest_fort_large_2, layout_basic
D:2:      layout_basic, corexii_hall_statues_deadend, serial_bayou_lake_a,
          uniq_sigmund
D:3:      layout_basic, lemuel_doored_altar
D:4:      layout_basic, uniq_menkaure, uniq_blork_the_orc
D:5:      layout_basic, nicolae_overflow_hidden_temple, minivault_11
D:6:      layout_rooms, minmay_temple_entry_nine_rooms, gammafunk_ghost_split
D:7:      layout_rooms, marbit_many_paths, enter_bailey_2, uniq_pikel
D:8:      layout_basic, serial_shops, nicolae_shop_crystal, uniq_erica,
          uniq_psyche, uniq_maurice
D:9:      layout_basic, david_lair_shrubbed
D:10:     layout_layer_cave, david_orc_2, minmay_ruined_shrine, uniq_sonja
D:11:     layout_loops_ring, gauntlet_entry_generic, uniq_gastronok
D:12:     layout_irregular_city, serial_shops, shop, kennysheep_small_square
D:13:     layout_roguey, lightli_vaults_fourway_checkpoint, serial_glass,
          glass_columns_c, glass_columns_a, minivault_26
D:15:     hangedman_depths_entry_civil_slaughter, layout_cave_pools,
          minmay_misc_feat_nine_boxes
Temple:   nicolae_temple_x_marks_the_god

Skill      XL: |  1  2  3  4  5  6  7  8  9 10 11 12 13 14 |
---------------+-------------------------------------------+-----
Shields        | 4 5 6 7 8 9 |  9.0
Fighting       | 4 5 6 7 9 10 11 12 13 | 13.2
Axes           | 3 4 5 6 8 9 10 11 | 11.9
Armour         | 4 5 6 7 9 10 11 12 13 | 13.0
Invocations    | 3 6 8 10 11 | 11.1

Action                   |  1- 3 |  4- 6 |  7- 9 | 10-12 | 13-15 || total
-------------------------+-------+-------+-------+-------+-------++-------
Melee: War axe           |    48 |   140 |       |       |       ||   188
       Hand axe          |       |    27 |   294 |    20 |       ||   341
       Battleaxe         |       |       |       |   374 |   261 ||   635
Invok: Divine Shield     |       |       |       |     2 |     2 ||     4
 Abil: Dig               |       |       |       |       |     1 ||     1
       Shaft Self        |       |       |       |       |     1 ||     1
  Use: Scroll            |     2 |     2 |     6 |     6 |       ||    16
       Potion            |     1 |       |       |     4 |     2 ||     7
Armor: Scale mail        |    19 |       |       |       |       ||    19
       Chain mail        |     2 |   118 |   125 |   180 |    98 ||   523
Dodge: Dodged            |     9 |    43 |    78 |   132 |    57 ||   319
Block: Kite shield       |    26 |   123 |   164 |   343 |   181 ||   837

Table legend: (Time is in decaauts)
 A = Elapsed time spent in this place.
 B = Non-inter-level travel time spent in this place.
 C = Inter-level travel time spent in this place.
 D = Time resting spent in this place.
 E = Time spent auto-exploring this place.
 F = Levels seen in this place.
 G = Mean time per level.
                   A        B        C        D        E       F      G
               +--------+--------+--------+--------+--------+-----+--------+
         Total |  15603 |  15122 |    481 |    525 |  11657 |  16 |  975.2 |
       Dungeon |  15322 |  14841 |    481 |    464 |  11654 |  14 | 1094.4 |
        Temple |     18 |     18 |      0 |      0 |      0 |   1 |   18.0 |
      Gauntlet |    261 |    261 |      0 |     61 |      3 |   1 |  261.0 |
               +--------+--------+--------+--------+--------+-----+--------+

Top non-repeatable levels by time:
    D:11: 2208 daAuts
    D:10: 2126 daAuts
    D:12: 1385 daAuts
     D:6: 1377 daAuts
     D:8: 1208 daAuts
     D:2: 1167 daAuts
     D:5: 1132 daAuts
     D:3: 1010 daAuts
     D:9: 906 daAuts
     D:1: 802 daAuts
     D:4: 745 daAuts
    D:13: 719 daAuts
     D:7: 524 daAuts
Gauntlet: 261 daAuts
  Temple: 18 daAuts
